General information
- name: BNet
- type: Ladder team game (AT/RT)
- host: Battle.net
- saver: BEAR_AND
map: Deadlock
- players: 8
- length: 24:37
- speed: Fast
- version: 1.26 W3XP
- replay type:

» download(200 KB)
Players
team 1 (winner)

»
SUSHiiALLDAY.co (
red | 132 APM | 3252 actions | 24:35)
6 Pit Lord
2 Rain of Fire
3 Howl of Terror
1 Doom
5 Dark Ranger
2 Black Arrow
3 Silence
4 Keeper of the Grove
2 Entangling Roots
2 Force of Nature
» actions
| Assign group hotkey | 45 | |
| Basic commands | 349 | |
| Build / train | 110 | |
| Enter build submenu | 20 | |
| Enter hero's abilities submenu | 15 | |
| Give item / drop item | 3 | |
| Right click | 723 | |
| Select / deselect | 473 | |
| Select group hotkey | 1443 | |
| Use ability | 71 | |
3252 total
» units
| Wisp | 18 | |
| Archer | 7 | |
| Druid of the Talon | 3 | |
| Faerie Dragon | 4 | |
| Chimaera | 5 | |
| Hippogryph | 12 | |
49 total
» upgrades
| Strength of the Wild | 3 | |
| Reinforced Hides | 4 | |
| Well Spring | 1 | |
| Corrosive Breath | 1 | |
| Druid of the Talon Training | 1 | |
| Hippogryph Taming | 1 | |
| Ultravision | 1 | |
| Sentinel | 1 | |
| Upgrade Moon Glaive | 1 | |
| Marksmanship | 2 | |
| Vorpal Blades | 1 | |
| Improved Bows | 1 | |
18 total
» buildings
| Ancient of War | 1 | |
| Moon Well | 8 | |
| Altar of Elders | 1 | |
| Ancient of Wonders | 1 | |
| Tree of Life | 2 | |
| Tree of Ages | 1 | |
| Hunter's Hall | 1 | |
| Tree of Eternity | 1 | |
| Ancient of Wind | 5 | |
| Chimaera Roost | 2 | |
23 total
» build order
00:33 Ancient of War
00:39 Moon Well
00:41 Altar of Elders
01:43 Moon Well
02:36 Ancient of Wonders
03:31 Tree of Life
03:46 Moon Well
05:16 Tree of Ages
05:40 Hunter's Hall
07:38 Tree of Eternity
07:39 Ancient of Wind
09:43 Moon Well
09:43 Moon Well
09:44 Moon Well
10:55 Chimaera Roost
10:56 Chimaera Roost
15:29 Moon Well
17:37 Moon Well
19:34 Ancient of Wind
19:39 Ancient of Wind
19:41 Tree of Life
20:34 Ancient of Wind
20:35 Ancient of Wind
» items
| Lesser Clarity Potion | 3 | |
| Boots of Speed | 2 | |
| Rod of Necromancy | 1 | |
| Scroll of Town Portal | 4 | |
| Periapt of Vitality | 1 | |
| Circlet of Nobility | 1 | |
| Moonstone | 2 | |
| Staff of Preservation | 1 | |
| Orb of Venom | 1 | |
| Potion of Healing | 1 | |
17 total

»
StormBlessed (
yellow | 56 APM | 1376 actions | 24:35)
5 Shadow Hunter
3 Hex
2 Healing Wave
3 Dark Ranger
2 Black Arrow
1 Life Drain
2 Tauren Chieftain
1 War Stomp
1 Endurance Aura
» actions
| Assign group hotkey | 98 | |
| Basic commands | 155 | |
| Build / train | 79 | |
| Enter build submenu | 29 | |
| Enter hero's abilities submenu | 10 | |
| Give item / drop item | 1 | |
| Remove unit from queue | 3 | |
| Right click | 225 | |
| Select / deselect | 246 | |
| Select group hotkey | 470 | |
| Use ability | 60 | |
1376 total
» units
| Peon | 12 | |
| Grunt | 15 | |
| Troll Headhunter/Berserker | 1 | |
| Tauren | 8 | |
| Raider | 3 | |
| Shaman | 3 | |
42 total
» upgrades
| Armor | 1 | |
| Melee Weapons | 1 | |
| Spiked Barricades | 1 | |
| Pillage | 1 | |
| Berserker Strength | 1 | |
| Ensnare | 1 | |
| Shaman Training | 2 | |
| Pulverize | 1 | |
9 total
» buildings
| Orc Burrow | 8 | |
| Altar of Storms | 1 | |
| Barracks | 1 | |
| War Mill | 1 | |
| Voodoo Lounge | 1 | |
| Watch Tower | 6 | |
| Great Hall | 3 | |
| Stronghold | 1 | |
| Fortress | 1 | |
| Tauren Totem | 2 | |
| Beastiary | 1 | |
| Spirit Lodge | 1 | |
27 total
» build order
00:13 Orc Burrow
00:16 Altar of Storms
01:07 Barracks
01:14 War Mill
02:04 Orc Burrow
02:22 Voodoo Lounge
02:55 Watch Tower
05:18 Great Hall
05:37 Watch Tower
05:56 Orc Burrow
06:19 Watch Tower
06:22 Watch Tower
06:26 Watch Tower
06:37 Stronghold
07:05 Orc Burrow
09:22 Fortress
12:18 Tauren Totem
12:59 Tauren Totem
13:05 Beastiary
13:11 Spirit Lodge
13:49 Orc Burrow
15:13 Orc Burrow
19:11 Great Hall
19:14 Watch Tower
19:17 Orc Burrow
20:47 Orc Burrow
22:25 Great Hall
» items
| Scroll of Town Portal | 2 | |
| Healing Salve | 1 | |
| Potion of Healing | 1 | |
| Potion of Mana | 1 | |
| Lesser Clarity Potion | 1 | |
| Orb of Lightning | 1 | |
7 total

»
fornight (
green | 66 APM | 1634 actions | 24:35)
6 Demon Hunter
1 Immolation
2 Mana Burn
2 Evasion
1 Metamorphosis
» actions
| Assign group hotkey | 165 | |
| Basic commands | 4 | |
| Build / train | 80 | |
| Enter build submenu | 23 | |
| Enter hero's abilities submenu | 6 | |
| Right click | 485 | |
| Select / deselect | 316 | |
| Select group hotkey | 473 | |
| Use ability | 82 | |
1634 total
» units
| Wisp | 45 | |
| Huntress | 4 | |
| Hippogryph | 2 | |
| Chimaera | 13 | |
64 total
» upgrades
| Corrosive Breath | 1 | |
| Strength of the Wild | 3 | |
| Reinforced Hides | 2 | |
6 total
» buildings
| Altar of Elders | 1 | |
| Moon Well | 10 | |
| Hunter's Hall | 1 | |
| Ancient of War | 1 | |
| Tree of Ages | 1 | |
| Ancient of Wonders | 1 | |
| Tree of Eternity | 1 | |
| Ancient of Wind | 1 | |
| Tree of Life | 5 | |
| Chimaera Roost | 3 | |
25 total
» build order
00:06 Altar of Elders
00:08 Moon Well
01:22 Hunter's Hall
01:42 Ancient of War
01:56 Moon Well
02:48 Tree of Ages
03:16 Moon Well
03:54 Ancient of Wonders
05:11 Tree of Eternity
05:12 Ancient of Wind
05:47 Tree of Life
05:56 Moon Well
07:35 Chimaera Roost
07:38 Chimaera Roost
07:39 Chimaera Roost
09:32 Moon Well
10:06 Moon Well
13:13 Tree of Life
14:41 Moon Well
19:02 Tree of Life
19:07 Tree of Life
20:42 Tree of Life
22:27 Moon Well
22:27 Moon Well
22:28 Moon Well
» items
BEAR_AND (
orange | 85 APM | 2099 actions | 24:37)
3 Death Knight
2 Death Coil
1 Death Pact
» actions
| Assign group hotkey | 21 | |
| Basic commands | 3 | |
| Build / train | 102 | |
| Enter build submenu | 37 | |
| Enter hero's abilities submenu | 3 | |
| Remove unit from queue | 1 | |
| Right click | 1436 | |
| Select / deselect | 322 | |
| Select group hotkey | 95 | |
| Use ability | 76 | |
2099 total
» units
» buildings
| Altar of Darkness | 2 | |
| Ziggurat | 31 | |
| Crypt | 3 | |
| Graveyard | 1 | |
| Tomb of Relics | 1 | |
| Necropolis | 1 | |
| Spirit Tower | 13 | |
| Halls of the Dead | 1 | |
53 total
» build order
00:09 Altar of Darkness
00:10 Ziggurat
00:54 Crypt
00:55 Crypt
01:32 Ziggurat
02:02 Graveyard
02:15 Tomb of Relics
03:18 Ziggurat
03:45 Ziggurat
04:49 Necropolis
05:02 Ziggurat
05:59 Spirit Tower
06:25 Ziggurat
06:26 Ziggurat
08:17 Ziggurat
08:20 Ziggurat
08:25 Spirit Tower
08:26 Halls of the Dead
08:27 Spirit Tower
08:40 Spirit Tower
10:09 Ziggurat
10:12 Ziggurat
10:13 Ziggurat
10:27 Ziggurat
10:49 Ziggurat
11:11 Ziggurat
11:12 Ziggurat
11:13 Ziggurat
11:14 Ziggurat
11:19 Ziggurat
11:49 Spirit Tower
12:31 Ziggurat
12:37 Ziggurat
12:38 Ziggurat
12:39 Ziggurat
13:00 Ziggurat
13:15 Ziggurat
13:16 Ziggurat
13:59 Ziggurat
14:06 Ziggurat
14:07 Ziggurat
14:07 Ziggurat
14:08 Ziggurat
14:23 Spirit Tower
14:26 Spirit Tower
15:18 Spirit Tower
16:09 Spirit Tower
16:09 Spirit Tower
16:09 Spirit Tower
16:10 Spirit Tower
16:25 Altar of Darkness
16:40 Crypt
» items
| Sacrificial Skull | 1 | |
| Potion of Healing | 8 | |
9 total
team 2 (loser)
Gobzilla (
teal | 68 APM | 1503 actions | 22:03)
4 Death Knight
2 Death Coil
2 Unholy Aura
2 Lich
1 Frost Nova
1 Frost Armor
2 Crypt Lord
1 Impale
1 Spiked Carapace
» actions
| Assign group hotkey | 25 | |
| Build / train | 64 | |
| Enter build submenu | 22 | |
| Enter hero's abilities submenu | 8 | |
| Give item / drop item | 2 | |
| Right click | 446 | |
| Select / deselect | 223 | |
| Select group hotkey | 640 | |
| Use ability | 73 | |
1503 total
» units
| Acolyte | 12 | |
| Ghoul | 4 | |
| Crypt Fiend | 9 | |
| Razormane Medicine Man | 1 | |
| Centaur Outrunner | 1 | |
| Frost Wyrm | 1 | |
| Obsidian Statue | 3 | |
31 total
» upgrades
| Creature Attack | 2 | |
| Web | 1 | |
| Destroyer Form | 1 | |
4 total
» buildings
| Graveyard | 1 | |
| Crypt | 1 | |
| Ziggurat | 12 | |
| Altar of Darkness | 2 | |
| Tomb of Relics | 1 | |
| Nerubian Tower | 2 | |
| Necropolis | 1 | |
| Halls of the Dead | 2 | |
| Black Citadel | 1 | |
| Spirit Tower | 1 | |
| Sacrificial Pit | 1 | |
| Boneyard | 2 | |
| Slaughterhouse | 2 | |
29 total
» build order
00:24 Graveyard
00:28 Crypt
00:45 Ziggurat
01:12 Altar of Darkness
01:18 Altar of Darkness
01:27 Ziggurat
02:15 Tomb of Relics
03:16 Nerubian Tower
04:27 Ziggurat
04:47 Necropolis
05:19 Halls of the Dead
05:31 Nerubian Tower
06:48 Ziggurat
07:45 Black Citadel
08:34 Ziggurat
09:39 Spirit Tower
10:13 Sacrificial Pit
11:05 Boneyard
11:08 Boneyard
13:05 Slaughterhouse
13:08 Slaughterhouse
15:37 Ziggurat
16:20 Ziggurat
16:22 Ziggurat
16:22 Ziggurat
16:23 Ziggurat
16:23 Ziggurat
18:53 Halls of the Dead
20:29 Ziggurat
» items
| Rod of Necromancy | 2 | |
| Sacrificial Skull | 1 | |
| Potion of Healing | 3 | |
| Scroll of Town Portal | 3 | |
| Orb of Corruption | 1 | |
| Scroll of Healing | 1 | |
| Potion of Lesser Invulnerability | 1 | |
12 total
Re-llxad (
purple | 111 APM | 2021 actions | 18:16)
5 Archmage
3 Summon Water Elemental
2 Brilliance Aura
» actions
| Assign group hotkey | 29 | |
| Basic commands | 140 | |
| Build / train | 134 | |
| ESC pressed | 11 | |
| Enter build submenu | 28 | |
| Enter hero's abilities submenu | 5 | |
| Remove unit from queue | 1 | |
| Right click | 742 | |
| Select / deselect | 481 | |
| Select group hotkey | 321 | |
| Use ability | 129 | |
2021 total
» units
| Peasant | 18 | |
| Rifleman | 21 | |
| Priest | 4 | |
| Sorceress | 2 | |
| Spell Breaker | 1 | |
| Flying Machine | 13 | |
59 total
» upgrades
| Masonry | 2 | |
| Gunpowder | 2 | |
| Long Rifles | 1 | |
| Sorceress Training | 2 | |
| Priest Training | 4 | |
| Lumber Harvesting | 1 | |
| Fragmentation Shards | 1 | |
| Flare | 1 | |
| Flak Cannons | 1 | |
| Flying Machine Bombs | 1 | |
16 total
» buildings
| Altar of Kings | 1 | |
| Farm | 17 | |
| Lumber Mill | 1 | |
| Barracks | 3 | |
| Blacksmith | 1 | |
| Town Hall | 1 | |
| Scout Tower | 4 | |
| Arcane Vault | 1 | |
| Keep | 2 | |
| Arcane Tower | 4 | |
| Guard Tower | 2 | |
| Arcane Sanctum | 2 | |
| Castle | 3 | |
| Workshop | 2 | |
44 total
» build order
00:06 Altar of Kings
00:34 Farm
00:50 Lumber Mill
01:13 Farm
01:38 Barracks
01:49 Blacksmith
02:22 Farm
03:26 Town Hall
04:02 Scout Tower
04:15 Farm
05:02 Arcane Vault
05:31 Barracks
05:33 Keep
05:33 Keep
05:39 Arcane Tower
05:41 Scout Tower
05:42 Farm
05:56 Farm
06:51 Scout Tower
06:54 Scout Tower
06:57 Guard Tower
06:57 Guard Tower
07:43 Arcane Tower
07:43 Arcane Tower
08:25 Arcane Sanctum
08:26 Arcane Sanctum
08:35 Farm
08:37 Farm
09:29 Castle
09:29 Castle
09:29 Castle
09:44 Farm
09:45 Farm
11:07 Workshop
11:08 Workshop
11:10 Farm
12:57 Barracks
16:42 Farm
16:44 Farm
17:28 Farm
17:28 Farm
17:29 Farm
17:29 Farm
» items
| Scroll of Regeneration | 2 | |
| Lesser Clarity Potion | 1 | |
| Orb of Corruption | 1 | |
| Scroll of Town Portal | 2 | |
| Scroll of Healing | 1 | |
7 total

»
Multishow (
pink | 55 APM | 1351 actions | 24:34)
6 Death Knight
3 Death Coil
2 Unholy Aura
1 Animate Dead
4 Lich
3 Frost Nova
1 Frost Armor
» actions
| Assign group hotkey | 64 | |
| Build / train | 80 | |
| Enter build submenu | 37 | |
| Enter hero's abilities submenu | 10 | |
| Give item / drop item | 2 | |
| Remove unit from queue | 4 | |
| Right click | 530 | |
| Select / deselect | 271 | |
| Select group hotkey | 277 | |
| Use ability | 76 | |
1351 total
» units
| Acolyte | 16 | |
| Ghoul | 3 | |
| Crypt Fiend | 7 | |
| Gargoyle | 12 | |
| Frost Wyrm | 1 | |
39 total
» upgrades
| Creature Attack | 2 | |
| Creature Carapace | 1 | |
| Web | 1 | |
4 total
» buildings
| Crypt | 1 | |
| Altar of Darkness | 1 | |
| Ziggurat | 12 | |
| Graveyard | 1 | |
| Tomb of Relics | 2 | |
| Halls of the Dead | 1 | |
| Necropolis | 4 | |
| Black Citadel | 1 | |
| Spirit Tower | 8 | |
| Sacrificial Pit | 1 | |
| Boneyard | 3 | |
| Nerubian Tower | 1 | |
36 total
» build order
00:07 Crypt
00:10 Altar of Darkness
00:36 Ziggurat
00:56 Graveyard
01:31 Tomb of Relics
02:58 Ziggurat
03:30 Halls of the Dead
05:06 Necropolis
05:38 Ziggurat
07:17 Black Citadel
09:28 Spirit Tower
09:30 Ziggurat
09:31 Ziggurat
09:40 Ziggurat
09:42 Ziggurat
10:48 Spirit Tower
11:16 Sacrificial Pit
12:33 Boneyard
12:34 Boneyard
13:10 Spirit Tower
13:14 Boneyard
14:22 Ziggurat
14:26 Ziggurat
14:30 Tomb of Relics
15:14 Spirit Tower
16:00 Ziggurat
16:48 Necropolis
18:04 Spirit Tower
18:05 Nerubian Tower
18:07 Ziggurat
18:08 Ziggurat
19:08 Spirit Tower
19:12 Spirit Tower
19:41 Spirit Tower
20:37 Necropolis
22:14 Necropolis
» items
| Rod of Necromancy | 4 | |
| Potion of Healing | 3 | |
| Potion of Mana | 1 | |
| Scroll of Healing | 1 | |
| Scroll of Town Portal | 1 | |
10 total

»
somalischwag (
blue | 34 APM | 732 actions | 21:42)
4 Death Knight
2 Death Coil
2 Unholy Aura
1 Archmage
1 Blizzard
» actions
| Build / train | 63 | |
| Enter build submenu | 16 | |
| Enter hero's abilities submenu | 5 | |
| Remove unit from queue | 1 | |
| Right click | 239 | |
| Select / deselect | 371 | |
| Use ability | 37 | |
732 total
» units
| Acolyte | 12 | |
| Ghoul | 16 | |
| Obsidian Statue | 3 | |
| Necromancer | 5 | |
| Abomination | 2 | |
38 total
» upgrades
| Cannibalize | 1 | |
| Unholy Strength | 2 | |
| Unholy Armor | 2 | |
| Banshee Training | 0 | |
| Necromancer Training | 2 | |
| Skeletal Longevity | 1 | |
| Disease Cloud | 1 | |
| Skeletal Mastery | 1 | |
10 total
» buildings
| Ziggurat | 7 | |
| Crypt | 1 | |
| Altar of Darkness | 1 | |
| Graveyard | 1 | |
| Tomb of Relics | 1 | |
| Halls of the Dead | 1 | |
| Temple of the Damned | 1 | |
| Slaughterhouse | 2 | |
| Spirit Tower | 5 | |
| Black Citadel | 1 | |
| Necropolis | 1 | |
22 total
» build order
00:27 Ziggurat
00:34 Crypt
00:41 Altar of Darkness
01:01 Graveyard
01:35 Ziggurat
02:19 Tomb of Relics
03:06 Halls of the Dead
04:33 Ziggurat
06:26 Temple of the Damned
06:32 Slaughterhouse
08:06 Spirit Tower
09:30 Spirit Tower
10:14 Ziggurat
10:18 Ziggurat
10:20 Ziggurat
10:44 Black Citadel
11:03 Slaughterhouse
11:08 Spirit Tower
11:10 Spirit Tower
11:19 Spirit Tower
12:21 Ziggurat
12:26 Necropolis
» items
Chat log
(00:22 / All) BEAR_AND: hi everyone
(00:41 / Allies) BEAR_AND: REPLAY BROUGHT TO YOU BY HIGHPER.CH SOURCE FOR 2015 REPLAYS
(03:54 / Allies) StormBlessed: red
(03:58 / Allies) SUSHiiALLDAY.co: kk
(06:42 / Allies) SUSHiiALLDAY.co: lol wtf green
(06:47 / Allies) SUSHiiALLDAY.co: yellow
(06:52 / Allies) BEAR_AND: i'm orange
(06:53 / Allies) BEAR_AND: not yellow
(06:58 / Allies) SUSHiiALLDAY.co: i know that
(07:02 / All) SUSHiiALLDAY.co: OMFG
(07:03 / All) SUSHiiALLDAY.co: STOP
(07:03 / Allies) BEAR_AND: so call me orange
(07:11 / All) Gobzilla: lol run more
(07:19 / All) SUSHiiALLDAY.co: dud both yellow and gren ran right thru u
(08:30 / Allies) StormBlessed: ghouls
(09:06 / Allies) SUSHiiALLDAY.co: b
(09:30 / Allies) StormBlessed: wood plz
(10:38 / Allies) SUSHiiALLDAY.co: cpo; jerp
(11:25 / Allies) StormBlessed: meet
(11:39 / Allies) SUSHiiALLDAY.co: orange get units
(12:11 / Allies) StormBlessed: wood me
(13:46 / All) BEAR_AND: GOOD GAME BEST REPLAYS AT HIGHPER.CH
(14:00 / Allies) SUSHiiALLDAY.co: ggree
(14:04 / Allies) SUSHiiALLDAY.co: b
(14:07 / Allies) SUSHiiALLDAY.co: green is being cheeky
(14:08 / Allies) SUSHiiALLDAY.co: lol
(14:21 / Allies) fornight: u dont follow me
(14:30 / Allies) SUSHiiALLDAY.co: we were killing acolytes lol
(14:42 / Allies) SUSHiiALLDAY.co: nowe we lose lol
(15:01 / All) fornight: see what he produce
(15:06 / All) fornight: should leave ealier
(15:06 / Allies) SUSHiiALLDAY.co: second
(15:22 / Allies) SUSHiiALLDAY.co: maybe not actually lol
(15:39 / All) fornight: all these noob
(15:41 / Allies) SUSHiiALLDAY.co: focus towers on csatesr
(16:03 / Allies) BEAR_AND: tpo late. retreating to backup aco vault
(16:25 / Allies) StormBlessed: lol
(16:52 / Allies) StormBlessed: we tping?
(16:55 / All) fornight: u got oj in future
(16:59 / All) fornight: such a ass
(17:30 / Allies) BEAR_AND: retreat
(17:44 / All) BEAR_AND: let them pass
(17:45 / All) BEAR_AND: oks
(17:48 / All) BEAR_AND: pls
(17:56 / All) BEAR_AND: V______V
(18:06 / Allies) StormBlessed: wood please
(18:39 / Allies) BEAR_AND: more and i can rebuild
(18:50 / Allies) StormBlessed: build
(18:56 / Allies) BEAR_AND: 300 gold 100 wood
(19:13 / Allies) SUSHiiALLDAY.co: stick with us
(19:37 / Allies) BEAR_AND: 300 gold 100 wood pls
(19:50 / Allies) fornight: let ur mom come ask
(20:18 / Allies) BEAR_AND: This is bear's mom. please give him the gold and the wood. he is a good boy
(20:42 / Allies) SUSHiiALLDAY.co: satyt together
(21:08 / Allies) SUSHiiALLDAY.co: grene here
(21:08 / Allies) SUSHiiALLDAY.co: green bottom
(21:42 / All) fornight: die bitch
(21:42 / All) BEAR_AND: BEST REPLAYS FROM HIGHPER.CH THANKS FOR WATCHING!
(22:09 / Allies) BEAR_AND: HIGHPER.CH YOUR FAVORITE REPLAY SITE
(22:34 / Allies) StormBlessed: fuck you
(22:36 / Allies) BEAR_AND: GREAT WIN
(22:47 / Allies) StormBlessed: yeah, let us finish it....
(22:53 / All) BEAR_AND: thank u for the win
(23:00 / All) SUSHiiALLDAY.co: lol
(23:01 / Allies) BEAR_AND: need icon for dota
(23:13 / All) Multishow: lol Oj u horrible
(23:16 / Allies) StormBlessed: wood plz
(23:20 / All) BEAR_AND: need icon for dota
(23:42 / All) BEAR_AND: light blue alert
(24:18 / All) SUSHiiALLDAY.co: DEATH BY FAIRIE DRAGON
(24:28 / All) BEAR_AND: its good when you kill the lich and he disappears without a ghost or anything